 Dungeon Crawl Stone Soup version 0.28-a0-695-gff097466f2 (webtiles) character file.

Game seed: 15880788787265907848

112 Lekart the Skirmisher (level 4, -9/40 HPs)
             Began as a Draconian Fighter on Oct 21, 2021.
             Killed from afar by Natasha (10 damage)
             ... with a puff of flame
             ... on level 2 of the Dungeon on Oct 22, 2021.
             The game lasted 00:04:02 (1942 turns).

Lekart the Skirmisher (Draconian Fighter)           Turns: 1942, Time: 00:04:02

Health: -9/40      AC:  5    Str: 19    XL:     4   Next: 64%
Magic:  4/4        EV: 12    Int:  8    God:
Gold:   78         SH:  4    Dex: 11    Spells: 3/3 levels left

rFire   . . .      SeeInvis .   a - +0 long sword
rCold   . . .      Faith    .   b - +0 buckler
rNeg    . . .      Spirit   .   (armour unavailable)
rPois   .          Reflect  .   (helmet restricted)
rElec   .          Harm     .   (no cloak)
rCorr   .          Rampage  .   (no gloves)
Will    .....                   (no boots)
Stlth   +.........              (no amulet)
HPRegen 0.13/turn               (no ring)
MPRegen 0.09/turn               (no ring)

@: slowed, studying Transmutations, very slow
A: AC +5, unfitting armour, cold-blooded
a: no special abilities


You were on level 2 of the Dungeon.
You visited 1 branch of the dungeon, and saw 2 of its levels.

You collected 78 gold pieces.

Inventory:

Hand Weapons
 a - a +0 long sword (weapon)
Armour
 b - a +0 buckler (worn)
Jewellery
 f - an amulet of regeneration
 h - a ring of see invisible
Scrolls
 e - a scroll of silence {unknown}
 g - 2 scrolls of identify {unknown}
Potions
 c - a potion of might


   Skills:
 + Level 4.1 Fighting
 + Level 2.8 Long Blades
 + Level 3.4 Dodging
 + Level 3.3 Shields
 * Level 2.3 Transmutations


You had 3 spell levels left.
You didn't know any spells.
Your spell library was empty.

Dungeon Overview and Level Annotations

Branches:
Dungeon (2/15)

Altars:

Annotations:
D:2 Natasha


Innate Abilities, Weirdness & Mutations

Your plain brown scales are hard. (AC +5)
You cannot fit into any form of body armour.
You are cold-blooded and may be slowed by cold attacks.


Message History

The iron imp disappears in a puff of smoke!
The white imp disappears in a puff of smoke!
You block the worm's attack.
You barely miss the worm. You tail-slap the worm.
The worm is moderately wounded.
The worm bites you.
You hit the worm but do no damage.
The worm is moderately wounded.
The worm bites you!
* * * LOW HITPOINT WARNING * * *
You feel yourself speed up.
You aren't carrying any items that you can evoke.
You start resting.
A worm is nearby!
You hit the worm. You tail-slap the worm.
The worm is heavily wounded.
You completely miss the worm.
The worm is heavily wounded.
The worm bites you!
* * * LOW HITPOINT WARNING * * *
Natasha, Servant of Life and Death comes into view.
She is carrying a wand of flame (12).
Natasha hisses angrily.
You slash the worm! You tail-slap the worm.
The worm is almost dead.
Natasha mumbles some strange words.
The worm bites you.
* * * LOW HITPOINT WARNING * * *
You barely miss the worm.
The worm is severely wounded.
The worm bites you.
* * * LOW HITPOINT WARNING * * *
Natasha wildly gestures.
You feel troubled.
The shadow imp disappears in a puff of smoke!
Natasha casts a spell at you.
You feel yourself slow down.
Natasha zaps a wand.
The puff of flame hits you.
* * * LOW HITPOINT WARNING * * *
Natasha zaps a wand.
The puff of flame hits you!
You die...

...#### .....# #.#
.....# #.# ........
.# #.# ...#.#####.#
#.# ####.......# #.#
######..... #.#
.........# #.#
#......#. #@#
.......#.#.# #.#
.......#.#.# #.#
..####.#.#.# #.# ..#
#.#.#.# #h#
######.#.#.#####.###
....5..#...§...w...#
###....#...§.§.....#
.............w.....#


You could see a worm and Natasha.

Vanquished Creatures
  Natasha (D:2)
  3 adders
  3 gnolls (D:2)
  3 bats (D:1)
  2 endoplasms (D:2)
  A giant cockroach (D:1)
  3 goblins (D:1)
  5 hobgoblins
  5 kobolds (D:1)
  A quokka (D:1)
  3 ball pythons (D:1)
  3 frilled lizards (D:1)
  4 rats
37 creatures vanquished.

Notes
Turn   | Place    | Note
-------+----------+-------------------------------------------
     0 | D:1      | Lekart the Draconian Fighter began the quest for the Orb.
     0 | D:1      | Reached XP level 1. HP: 19/19 MP: 1/1
   200 | D:1      | Reached XP level 2. HP: 10/26 MP: 2/2
   475 | D:1      | Identified a scroll of acquirement
   476 | D:1      | Acquired a manual of Transmutations
   737 | D:1      | Reached skill level 1 in Transmutations
  1153 | D:2      | Reached XP level 3. HP: 29/33 MP: 3/3
  1444 | D:1      | Upgraded the game from 0.28-a0-691-gad6df49e81 to
                  | 0.28-a0-695-gff097466f2
  1510 | D:2      | Reached skill level 4 in Fighting
  1510 | D:2      | Reached XP level 4. HP: 11/40 MP: 4/4
  1843 | D:2      | Noticed Natasha
  1873 | D:2      | Killed Natasha
  1925 | D:2      | Noticed Natasha
  1927 | D:2      | HP: 2/40 [worm (6)]
  1941 | D:2      | HP: 1/40 [Natasha/puff of flame (3)]
  1942 | D:2      | Killed from afar by Natasha

Illustrated notes

Levels and vault maps discovered:
D:1:      shiori_shiawase, layout_basic, minmay_hedge_maze
D:2:      layout_basic, ebering_ecumenical_altar_sacrificial,
          grunt_ministairs_8, uniq_natasha

Skill      XL: |  1  2  3  4 |
---------------+-------------+-----
Dodging        | 3 |  3.4
Transmutations | 1 2 |  2.3
Fighting       | 4 |  4.1
Long Blades    | |  2.8
Shields        | |  3.3

Action                   |  1- 3 |  4- 6 || total
-------------------------+-------+-------++-------
Melee: Long sword        |   108 |    38 ||   146
       Tailslap          |    10 |     7 ||    17
  Use: Scroll            |     2 |       ||     2
       Potion            |       |     1 ||     1
 Stab: Sleeping          |     2 |     1 ||     3
Armor: Skin              |    28 |     5 ||    33
Dodge: Dodged            |    77 |    27 ||   104
Block: Buckler           |    14 |     5 ||    19

Table legend: (Time is in decaauts)
 A = Elapsed time spent in this place.
 B = Non-inter-level travel time spent in this place.
 C = Inter-level travel time spent in this place.
 D = Time resting spent in this place.
 E = Time spent auto-exploring this place.
 F = Levels seen in this place.
 G = Mean time per level.
                   A        B        C        D        E       F      G
               +--------+--------+--------+--------+--------+-----+--------+
         Total |   2014 |   1962 |     52 |    709 |    767 |   2 | 1007.0 |
       Dungeon |   2014 |   1962 |     52 |    709 |    767 |   2 | 1007.0 |
               +--------+--------+--------+--------+--------+-----+--------+

Top non-repeatable levels by time:
     D:1: 1614 daAuts
     D:2: 400 daAuts
